 Dungeon Crawl Stone Soup version 0.30.0-18-gc0e69614cb (webtiles) character file.

Game seed: 17157219708000553780

653 Sabo the Trooper (level 7, -1/49 (54) HPs)
             Began as a Demonspawn Berserker on May 25, 2023.
             Was a Believer of Trog.
             Slain by Menkaure (19 damage)
             ... on level 7 of the Dungeon.
             The game lasted 00:20:36 (4397 turns).

Sabo the Trooper (Demonspawn Berserker)             Turns: 4397, Time: 00:20:36

HP:   -1/49 (54)    AC: 12    Str: 20    XL:     7   Next: 29%
MP:   7/7           EV: 11    Int:  8    God:    Trog [**....]
Gold: 258           SH:  0    Dex: 12    Spells: 6/6 levels left

rFire   . . .        w - +1 war axe
rCold   . . .        (no shield)
rNeg    . . .        f - +0 ring mail
rPois   .            (helmet restricted)
rElec   .            u - +0 cloak
rCorr   .            A - +0 pair of gloves
SInv    .            d - +0 pair of boots
Will    .....        (no amulet)
Stlth   +            (no ring)
HPRegen 3.28/turn    (no ring)
MPRegen 0.10/turn

%: no passive effects
@: on berserk cooldown, slowed, drained, very slow
A: antennae 1, yellow scales 2, powered by death 2
a: Renounce Religion, Berserk, Trog's Hand


You were on level 7 of the Dungeon.
You worshipped Trog.
Trog was pleased with you.
You visited 1 branch of the dungeon, and saw 6 of its levels.

You collected 258 gold pieces.

Inventory:

Hand Weapons
 b - a +2 vampiric whip
 k - a +1 short sword of freezing
 o - a +0 sling
 w - a +1 war axe (weapon)
 y - a +4 shortbow
Missiles
 e - 15 poisoned darts (quivered)
 m - 11 boomerangs
Armour
 d - a +0 pair of boots (worn)
 f - a +0 ring mail (worn)
 u - a +0 cloak (worn)
 A - a +0 pair of gloves (worn)
Scrolls
 g - a scroll of fog
 h - a scroll of identify {unknown}
 j - 2 scrolls of teleportation {unknown}
 q - a scroll of butterflies
 r - a scroll of blinking {unknown}
 s - a scroll of immolation {unknown}
 B - a scroll of enchant armour {unknown}
Potions
 a - a potion of might {unknown}
 c - 4 potions of curing
 i - 2 potions of cancellation {unknown}
 l - a potion of resistance {unknown}
 n - a potion of haste
 p - a potion of flight {unknown}
 t - a potion of attraction {unknown}
 v - 3 potions of berserk rage {unknown}
 x - a potion of mutation {unknown}
 z - 2 potions of brilliance {unknown}
 C - 2 potions of heal wounds {unknown}


   Skills:
 + Level 4.3 Fighting
 + Level 3.5(4.1) Axes
 + Level 3.0(3.8) Maces & Flails
 + Level 3.4 Ranged Weapons
 + Level 3.4 Armour
 + Level 2.5 Dodging
 + Level 0.4 Stealth


You had 6 spell levels left.
You didn't know any spells.
Your spell library was empty.

Dungeon Overview and Level Annotations

Branches:
Dungeon (5/15)             Temple (0/1) D:4

Altars:
Nemelex Xobeh

Shops:
D:1 *

Annotations:
D:7 Menkaure


Innate Abilities, Weirdness & Mutations

You have a pair of small antennae on your head.
You are mostly covered in yellow scales. (AC +3)
You regenerate health from kills.


Message History

Trog accepts your kill.
You hit something.
Menkaure grins.
The wight hits you but does no damage. Something hits you but does no damage.
Menkaure mumbles some strange words.
Menkaure seems to speed up.
The wight hits you from afar with a +0 trident.
You feel drained.
A sky beast appears from thin air!
Reactivating autopickup.
The sky beast hits you. The sky beast shocks you.
You slash Menkaure!
Menkaure is moderately damaged.
You hit the sky beast but do no damage. Menkaure hits you but does no damage.
The wight misses you. The sky beast barely misses you.
Menkaure closely misses you. The wight hits you but does no damage.
The sky beast hits you but does no damage.
You slash Menkaure!
Menkaure is severely damaged.
You closely miss the sky beast. Menkaure closely misses you.
The wight barely misses you. The sky beast barely misses you.
Menkaure barely misses you.
The sky beast flickers out of sight!
Deactivating autopickup; reactivate with Ctrl-A.
Something hits you. Something shocks you.
The wight hits you but does no damage. Menkaure hits you but does no damage.
You hit Menkaure but do no damage.
Menkaure is severely damaged.
You miss something. Menkaure closely misses you.
The wight hits you but does no damage. Something hits you but does no damage.
Menkaure calls on the powers of darkness!
Your body is wracked with pain!
The orc convulses!
The wight hits you from afar with a +0 trident.
You feel drained.
* * * LOW HITPOINT WARNING * * *
Something hits you but does no damage.
You barely miss Menkaure.
Menkaure is severely damaged.
You completely miss something. Menkaure hits you but does no damage.
The wight hits you from afar with a +0 trident.
Something hits you but does no damage. Menkaure hits you!!
You die...

................#
.....###.####.....
.....# #.# #<#..
####...#.# #...
###.#.####..#
#......#..# ###.##....#
.######.###..######..##
..............M@{o.....
......(.###..z######.#.
.######.# #.#.#
#.##..#... #.#..####.#
#...# ... #... ..# ...#
#.. #.#


You could see Menkaure (fast), a wight and an orc.

Vanquished Creatures
  An ogre (D:7)
  A centaur (D:4)
  A bullfrog (D:7)
  3 wights (D:7)
  A jelly (D:4)
  2 hounds
  2 iguanas
  A gnoll (D:4)
  4 adders
  2 ufetubi (D:7)
  8 orcs
  4 bats
  8 endoplasms
  2 giant cockroaches
  5 goblins
  9 hobgoblins
  2 jackals (D:4)
  4 quokkas
  4 ball pythons
  2 frilled lizards (D:1)
  9 kobolds
  4 rats
79 creatures vanquished.

Notes
Turn   | Place    | Note
-------+----------+-------------------------------------------
     0 | D:1      | Sabo the Demonspawn Berserker began the quest for the Orb.
     0 | D:1      | Reached XP level 1. HP: 18/18 MP: 1/1
   345 | D:1      | Gained mutation: You regenerate a little health from kills.
                  | [demonic ancestry]
   345 | D:1      | Reached XP level 2. HP: 22/24 MP: 2/2
   563 | D:1      | Found Xirhulupt's General Store.
   944 | D:2      | Reached XP level 3. HP: 29/29 MP: 3/3
   961 | D:2      | Found a faded altar of an unknown god.
  1027 | D:2      | Reached ** piety under Trog
  1517 | D:2      | Reached skill level 1 in Maces & Flails
  2064 | D:3      | Found a sparkling altar of Nemelex Xobeh.
  2142 | D:3      | Gained mutation: You are partially covered in yellow
                  | scales. (AC +2) [demonic ancestry]
  2142 | D:3      | Reached XP level 4. HP: 37/37 MP: 4/4
  2973 | D:4      | Gained mutation: You are mostly covered in yellow scales.
                  | (AC +3) [demonic ancestry]
  2973 | D:4      | Reached XP level 5. HP: 20/42 MP: 5/5
  3026 | D:4      | Noticed a centaur
  3034 | D:4      | Killed a centaur
  3035 | D:4      | Reached skill level 4 in Fighting
  3570 | D:4      | Gained mutation: You regenerate health from kills. [demonic
                  | ancestry]
  3570 | D:4      | Reached XP level 6. HP: 45/48 MP: 6/6
  3746 | D:4      | Found a staircase to the Ecumenical Temple.
  4282 | D:5      | Entered Level 5 of the Dungeon
  4290 | D:5      | Reached skill level 1 in Ranged Weapons
  4325 | D:5      | You fall into a shaft and drop 2 floors!
  4365 | D:7      | Identified the +1 buckler of Recklessness {Rampage}
  4371 | D:7      | Noticed a sky beast
  4382 | D:7      | Noticed Menkaure
  4383 | D:7      | Gained mutation: You have a pair of small antennae on your
                  | head. [demonic ancestry]
  4383 | D:7      | Reached XP level 7. HP: 54/54 MP: 7/7
  4397 | D:7      | Slain by Menkaure

Illustrated notes

Levels and vault maps discovered:
D:1:      eino_arrival_water_cross, layout_basic, serial_shops,
          nicolae_shop_tiny_statue_garden, dreamdust_wishing_well
D:2:      layout_basic, nicolae_ecumenical_oubliette
D:3:      layout_basic, nemelex_dance_club_becter, zin_statuary, st_stairs_5,
          chequers_serial_rivers_large_b
D:4:      layout_loops_ring, minmay_temple_entry_ruins,
          kennysheep_generic_room_5
D:5:      layout_loops_ring, evilmike_ruin_ashenzari,
          nicolae_tso_carved_into_rock, chequers_serial_rivers_micro_c,
          dreamdust_gnoll_farm
D:7:      layout_rooms, uniq_menkaure

Skill      XL: |  1  2  3  4  5  6 |
---------------+-------------------+-----
Axes           | 3 |  3.5
Armour         | 2 3 |  3.4
Maces & Flails | 1 2 3 |  3.0
Dodging        | 2 |  2.5
Fighting       | 4 |  4.3
Ranged Weapons | 3 |  3.4
Stealth        | |  0.4

Action                     |  1- 3 |  4- 6 |  7- 9 || total
---------------------------+-------+-------+-------++-------
  Melee: Hand axe          |    44 |       |       ||    44
         Whip              |    93 |    13 |       ||   106
         Punch             |     1 |       |       ||     1
         War axe           |       |    30 |    15 ||    45
   Fire: Shortbow          |       |    48 |       ||    48
 Invoke: Berserk           |       |     1 |       ||     1
    Use: Scroll            |       |     4 |       ||     4
         Potion            |       |     1 |       ||     1
 Armour: Animal skin       |    11 |       |       ||    11
         Ring mail         |    35 |    57 |    24 ||   116
  Dodge: Dodged            |    76 |    73 |    24 ||   173
